[Event "Titled Tuesday Blitz April 4 Early 2023"]
[White "Grabinsky, Vladimir"]
[Black "Melikhov, Evgeny V."]
[WhiteFideId "14107074"]
[BlackFideId "4122046"]
[WhiteElo "2027"]
[BlackElo "2158"]
[Result "0-1"]
[Round "11"]
[TimeControl "180+2"]
[Date "2023.04.04"]
[WhiteClock "0:00:03"]
[BlackClock "0:00:18"]

1. e4 c5 2. b4 b6 3. bxc5 bxc5 4. Bc4 e6 5. Nf3 Nc6 6. O-O Nf6 7. e5 Nd5 8. Bxd5 exd5 9. Nc3 d6 10. Re1 dxe5 11. Nxe5 Nxe5 12. Rxe5+ Be6 13. Nxd5 Bd6 14. Re3 Bxh2+ 15. Kxh2 Qxd5 16. Bb2 O-O 17. Re5 Qd6 18. Kg1 f6 19. Re3 Bf5 20. d3 Rfe8 21. Qf3 Bg6 22. Rae1 Qd7 23. Re7 Rxe7 24. Qxa8+ Re8 25. Rxe8+ Bxe8 26. Ba3 c4 27. Qe4 cxd3 28. cxd3 Bg6 29. Qc4+ Bf7 0-1


[Site "https://www.chess.com"]

[Event "Titled Tuesday Blitz April 4 Early 2023"]
[White "Koridze, Lile"]
[Black "Yonal, Timur"]
[WhiteFideId "13612514"]
[BlackFideId "44115725"]
[WhiteElo "2047"]
[BlackElo "1966"]
[Result "1-0"]
[Round "11"]
[TimeControl "180+2"]
[Date "2023.04.04"]
[WhiteClock "0:00:04"]
[BlackClock "0:00:01"]

1. d4 d5 2. c4 c6 3. Nf3 Nf6 4. e3 e6 5. Nbd2 Nbd7 6. Bd3 dxc4 7. Nxc4 b5 8. Nce5 Bb7 9. O-O a6 10. b3 c5 11. Bb2 Nxe5 12. Nxe5 cxd4 13. Bxd4 Bd6 14. Ng4 Be7 15. Be2 O-O 16. Rc1 Nxg4 17. Bxg4 Rc8 18. Qe2 Qa5 19. Rfd1 Ba3 20. Rxc8 Rxc8 21. Be5 Rc1 22. h3 Qd8 23. Rxc1 Bxc1 24. Qc2 Ba3 25. Bd4 h6 26. Be2 Be7 27. a4 bxa4 28. bxa4 Bf6 29. Bxf6 Qxf6 30. Qc7 Qb2 31. Bd3 g6 32. a5 Qb3 33. Qd8+ Kg7 34. Qd4+ Kh7 35. Qd7 Kg7 36. Kh2 e5 37. Be2 Qb1 38. Qe7 Qb2 39. Bc4 Qxf2 40. Qxb7 Qf6 41. Qxa6 1-0


[Site "https://www.chess.com"]

[Event "Titled Tuesday Blitz April 4 Early 2023"]
[White "Rodchenkov, Sergey D."]
[Black "Romero Ruscalleda, Josep"]
[WhiteFideId "4168712"]
[BlackFideId "2231859"]
[WhiteElo "2277"]
[BlackElo "2183"]
[Result "1-0"]
[Round "11"]
[TimeControl "180+2"]
[Date "2023.04.04"]
[WhiteClock "0:01:54"]
[BlackClock "0:01:10"]

1. e4 g6 2. d4 Bg7 3. Nc3 d6 4. Be3 a6 5. Qd2 b5 6. Nf3 Bb7 7. Bd3 Nd7 8. a4 b4 9. Ne2 a5 10. h4 Ngf6 11. Ng3 Ng4 12. h5 Nxe3 13. Qxe3 e5 14. d5 Nc5 15. Bb5+ Kf8 16. O-O-O Rc8 17. Kb1 Rg8 18. Ng5 h6 19. Nh7+ Ke7 20. hxg6 fxg6 21. Rxh6 Bxh6 22. Qxh6 Rh8 23. Qg7# 1-0


[Site "https://www.chess.com"]

[Event "Titled Tuesday Blitz April 4 Early 2023"]
[White "Arat, Ufuk Sezen"]
[Black "Shuvalov, Evgenij"]
[WhiteFideId "6309089"]
[BlackFideId "4187237"]
[WhiteElo "2289"]
[BlackElo "2080"]
[Result "1-0"]
[Round "11"]
[TimeControl "180+2"]
[Date "2023.04.04"]
[WhiteClock "0:00:13"]
[BlackClock "0:00:42"]

1. e4 e6 2. d4 d5 3. Nc3 Bb4 4. exd5 exd5 5. Bd3 Nc6 6. Ne2 Nge7 7. O-O Bf5 8. Bg5 f6 9. Bh4 O-O 10. Bg3 Bd6 11. Na4 Bxd3 12. Qxd3 Bxg3 13. Nxg3 b6 14. Rae1 Qd7 15. c4 Kh8 16. Nc3 Nb4 17. Qe2 Rfe8 18. a3 Nbc6 19. cxd5 Nxd5 20. Qc4 Nce7 21. Rd1 c6 22. Rfe1 Rad8 23. Nce4 Ng6 24. Nc3 Ngf4 25. Nxd5 Nxd5 26. Nf1 Re7 27. Rxe7 Nxe7 28. Ne3 Nd5 29. Rc1 Nxe3 30. fxe3 Qe7 31. Rc3 c5 32. dxc5 Rd1+ 33. Kf2 Rd2+ 34. Ke1 Rxg2 35. cxb6 h5 36. Qd5 Rg5 37. Rc8+ Kh7 38. Qd3+ f5 39. bxa7 Qxa7 40. h4 Rg1+ 41. Kf2 Rg6 42. Qxf5 Qb7 43. Qxh5+ Rh6 44. Qf5+ Rg6 45. h5 Qg2+ 46. Ke1 Qg1+ 47. Kd2 Qh2+ 48. Kc3 Qe5+ 49. Qxe5 Rc6+ 50. Rxc6 g5 51. Qf5+ Kh8 52. Qf6+ Kh7 53. Qg6+ Kh8 54. Rc8# 1-0


[Site "https://www.chess.com"]

[Event "Titled Tuesday Blitz April 4 Early 2023"]
[White "Tokman, Ariel"]
[Black "Tagliata"]
[WhiteFideId "117420"]
[WhiteElo "2263"]
[BlackElo "2289"]
[Result "1-0"]
[Round "11"]
[TimeControl "180+2"]
[Date "2023.04.04"]
[WhiteClock "0:02:46"]
[BlackClock "0:02:33"]

1. b3 e5 2. Bb2 Nc6 3. e3 a6 4. Nf3 Bd6 5. d4 exd4 6. Nxd4 Nxd4 7. Qxd4 Nf6 8. Be2 O-O 9. O-O Qe7 10. Nc3 Rb8 11. Rad1 Be5 12. Nd5 Nxd5 13. Qxe5 Qxe5 14. Bxe5 1-0


[Site "https://www.chess.com"]

[Event "Titled Tuesday Blitz April 4 Early 2023"]
[White "Vaglio Munoz, Jaime"]
[Black "Burdalev, Kirill"]
[WhiteFideId "6500145"]
[BlackFideId "14121913"]
[WhiteElo "2199"]
[BlackElo "2236"]
[Result "1-0"]
[Round "11"]
[TimeControl "180+2"]
[Date "2023.04.04"]
[WhiteClock "0:01:00"]
[BlackClock "0:00:04"]

1. Nf3 d5 2. b3 c6 3. Bb2 Bf5 4. h3 h6 5. g4 Bh7 6. d3 e6 7. Bg2 Nf6 8. g5 hxg5 9. Nxg5 Bg6 10. Nd2 Nbd7 11. e3 Bd6 12. h4 Qe7 13. Qe2 O-O-O 14. a3 Be5 15. O-O-O Bxb2+ 16. Kxb2 e5 17. Rde1 Rh6 18. f4 Rdh8 19. Qf2 Kb8 20. f5 Bh5 21. d4 a5 22. Qg3 Ka7 23. e4 dxe4 24. Ngxe4 Nxe4 25. Rxe4 f6 26. Qe3 Bf7 27. dxe5+ Qc5 28. e6 Qxe3 29. Rxe3 1-0


[Site "https://www.chess.com"]

[Event "Titled Tuesday Blitz April 4 Early 2023"]
[White "Golubev, Mikhail"]
[Black "babbilator"]
[WhiteFideId "14100983"]
[WhiteElo "2374"]
[BlackElo "2263"]
[Result "1-0"]
[Round "11"]
[TimeControl "180+2"]
[Date "2023.04.04"]
[WhiteClock "0:01:33"]
[BlackClock "0:00:57"]

1. e4 c5 2. Nf3 e6 3. d4 cxd4 4. Nxd4 Nc6 5. Nc3 Qc7 6. Be3 a6 7. a3 Nf6 8. f4 d6 9. Qf3 Be7 10. O-O-O h5 11. Be2 Bd7 12. Rhf1 O-O-O 13. Qf2 Kb8 14. Nb3 Na5 15. Nxa5 Qxa5 1-0


[Site "https://www.chess.com"]

[Event "Titled Tuesday Blitz April 4 Early 2023"]
[White "Tsotsonava, Elene"]
[Black "Carrasco Miranda, Andres"]
[WhiteFideId "13615939"]
[BlackFideId "3405990"]
[WhiteElo "1829"]
[BlackElo "2183"]
[Result "1-0"]
[Round "11"]
[TimeControl "180+2"]
[Date "2023.04.04"]
[WhiteClock "0:00:45"]
[BlackClock "0:00:02"]

1. e4 c5 2. Nf3 d6 3. d4 cxd4 4. Nxd4 Nf6 5. Nc3 a6 6. Bg5 e6 7. f4 h6 8. Bh4 Qb6 9. a3 Be7 10. Bf2 Qc7 11. Qf3 Nc6 12. O-O-O Nxd4 13. Rxd4 Bd7 14. Rc4 Bc6 15. Nd5 exd5 16. exd5 Nxd5 17. Qxd5 Bxd5 18. Rxc7 Bc6 19. Rg1 Bd8 20. Bb6 Bxc7 21. Bxc7 Kd7 22. Ba5 Bb5 23. c4 Rac8 24. b3 d5 25. Bd3 g6 26. Rd1 dxc4 27. Bxg6+ Ke6 28. f5+ Kf6 29. Bc3+ Kg5 30. Bxf7 cxb3 31. Kb2 Rhf8 32. Be6 Rcd8 33. Rxd8 Rxd8 34. h4+ Kf4 35. f6 Kg3 36. f7 Kxg2 37. Bg7 Kf3 38. f8=Q+ Rxf8 39. Bxf8 h5 40. Kxb3 Kg3 41. Be7 1-0


[Site "https://www.chess.com"]

[Event "Titled Tuesday Blitz April 4 Early 2023"]
[White "Skaric, Djuro"]
[Black "Mikhaylova, Irina"]
[WhiteFideId "934569"]
[BlackFideId "4109040"]
[WhiteElo "2282"]
[BlackElo "1975"]
[Result "1-0"]
[Round "11"]
[TimeControl "180+2"]
[Date "2023.04.04"]
[WhiteClock "0:00:13"]
[BlackClock "0:00:06"]

1. g3 g6 2. Bg2 Bg7 3. d3 Nf6 4. Nf3 O-O 5. O-O d5 6. Nc3 c5 7. e4 Nc6 8. h3 d4 9. Ne2 e5 10. Ne1 b5 11. f4 Nd7 12. f5 c4 13. g4 cxd3 14. cxd3 Nc5 15. Rf2 Na4 16. Ng3 Bd7 17. Nh1 Rc8 18. Bf1 Bf6 19. Nf3 Bg7 20. Ng3 f6 21. h4 Qe7 22. g5 gxf5 23. exf5 e4 24. Nxe4 Bxf5 25. gxf6 Bxf6 26. Neg5 Kh8 27. Nh2 Be5 28. Qh5 Bg6 29. Qg4 Rcd8 30. Rxf8+ Rxf8 31. Nhf3 Qf6 32. Bg2 h6 33. Ne4 Bxe4 34. dxe4 Bf4 35. e5 Qf5 36. Qxf5 Rxf5 37. Bxf4 Rxf4 38. Re1 Nxb2 39. e6 Nd3 40. e7 Nxe7 41. Rxe7 Nc5 42. Re8+ Kg7 43. Rc8 Ne6 44. Ra8 Kf6 45. Rxa7 d3 46. Rd7 Ra4 47. Rxd3 Rxa2 48. Rb3 Nf4 49. Bf1 Ra5 50. Nd4 b4 51. Rxb4 Ra1 52. Rb6+ Ke5 53. Nc2 Rc1 54. Rb2 Ng6 55. Rb5+ Ke4 56. Rb4+ Ke5 57. Ne3 Nf4 58. Ng4+ Kd5 59. Nxh6 Nd3 60. Rb5+ Kc6 61. Rg5 Ne1 62. Kf2 Nd3+ 63. Bxd3 Ra1 64. Ke3 Ra2 65. Nf5 Ra5 66. h5 Ra1 67. h6 Re1+ 68. Be2 Rh1 69. Bh5 Rh3+ 70. Kf4 Rh2 71. h7 Rf2+ 72. Ke5 Re2+ 73. Kf6 Re8 74. Ne7+ Rxe7 75. Kxe7 Kb6 76. h8=Q Kc7 77. Rc5+ Kb6 78. Qd4 Kb7 79. Qb4+ Ka6 80. Ra5# 1-0


[Site "https://www.chess.com"]

[Event "Titled Tuesday Blitz April 4 Early 2023"]
[White "Mirzanurov, Bulat"]
[Black "Rosenberg, Evan S"]
[WhiteFideId "4184521"]
[BlackFideId "2019299"]
[WhiteElo "2019"]
[BlackElo "2219"]
[Result "1-0"]
[Round "11"]
[TimeControl "180+2"]
[Date "2023.04.04"]
[WhiteClock "0:00:06"]
[BlackClock "0:00:08"]

1. e4 e5 2. Nf3 Nc6 3. Bc4 Nf6 4. d3 h6 5. O-O d6 6. c3 g5 7. Nbd2 Bg7 8. Ne1 g4 9. f4 gxf3 10. Nexf3 Qe7 11. Nh4 Bg4 12. Qe1 O-O-O 13. Nf5 Bxf5 14. Rxf5 d5 15. exd5 Nxd5 16. Ne4 Nf6 17. Nxf6 Bxf6 18. Qf2 Bh4 19. g3 Bg5 20. Rxf7 Qd6 21. Bxg5 hxg5 22. Rf1 e4 23. dxe4 Ne5 24. Qxa7 Qb6+ 25. Qxb6 cxb6 26. Be6+ Kb8 27. R7f2 g4 28. Kg2 Kc7 29. Bd5 Nf3 30. Rxf3 gxf3+ 31. Rxf3 Rd7 32. g4 Kd6 33. Kg3 Ke5 34. h4 b5 35. Rf5+ Kd6 36. g5 b4 37. g6 bxc3 38. bxc3 b5 39. h5 Rc7 40. Kg4 Rxc3 41. g7 Rcc8 42. gxh8=Q Rxh8 43. Kg5 Kc5 44. h6 Kd4 45. Kg6 1-0


[Site "https://www.chess.com"]

[Event "Titled Tuesday Blitz April 4 Early 2023"]
[White "Kiseleva, Arina"]
[Black "I_KID_you_not"]
[WhiteFideId "4164989"]
[WhiteElo "1708"]
[BlackElo "2334"]
[Result "1-0"]
[Round "11"]
[TimeControl "180+2"]
[Date "2023.04.04"]
[WhiteClock "0:01:40"]
[BlackClock "0:01:56"]

1. d4 Nf6 2. Nf3 c5 3. e3 g6 4. Be2 Bg7 5. O-O O-O 6. b3 b6 7. Bb2 Bb7 8. dxc5 bxc5 9. c4 d6 10. Nbd2 a5 11. Qc2 a4 12. Bc3 Nc6 13. bxa4 Qc7 14. Rab1 Ra7 15. Ng5 Rfa8 16. Nge4 Nxe4 17. Nxe4 Rxa4 18. Bxg7 Kxg7 19. Qb2+ 1-0


[Site "https://www.chess.com"]

[Event "Titled Tuesday Blitz April 4 Early 2023"]
[White "Fernandez Siles, Luis"]
[Black "Winkels, Marcel"]
[WhiteFideId "2209420"]
[BlackFideId "1003887"]
[WhiteElo "2195"]
[BlackElo "1900"]
[Result "1-0"]
[Round "11"]
[TimeControl "180+2"]
[Date "2023.04.04"]
[WhiteClock "0:00:56"]
[BlackClock "0:00:08"]

1. d4 Nf6 2. c4 g6 3. Nc3 d5 4. cxd5 Nxd5 5. Bd2 Nb6 6. Nf3 Bg7 7. Rc1 O-O 8. Bg5 h6 9. Bh4 Nc6 10. e3 Bg4 11. Bb5 Nb4 12. h3 Bxf3 13. Qxf3 c6 14. Be2 N6d5 15. a3 Nxc3 16. bxc3 Nd5 17. e4 Nf6 18. O-O c5 19. d5 Qa5 20. c4 Rfe8 21. e5 Nd7 22. e6 fxe6 23. dxe6 Nf6 24. Bd3 g5 25. Bg3 Rad8 26. Be5 Rf8 27. Bg6 Qd2 28. Bf7+ Kh8 29. Qxb7 Qe2 30. Rfe1 Qd3 31. Qxe7 1-0


[Site "https://www.chess.com"]

[Event "Titled Tuesday Blitz April 4 Early 2023"]
[White "Sakun, Volodymyr"]
[Black "Matute Escobar, Roxanny"]
[WhiteFideId "14114062"]
[BlackFideId "3926028"]
[WhiteElo "2318"]
[BlackElo "1844"]
[Result "1-0"]
[Round "11"]
[TimeControl "180+2"]
[Date "2023.04.04"]
[WhiteClock "0:00:09"]
[BlackClock "0:00:07"]

1. d4 Nf6 2. c4 g6 3. g3 Bg7 4. Bg2 O-O 5. Nc3 c5 6. d5 d6 7. Nf3 e6 8. O-O exd5 9. cxd5 Re8 10. Bf4 Na6 11. a4 Nb4 12. Nd2 a6 13. Nc4 Bf8 14. e4 h6 15. e5 dxe5 16. Bxe5 Bf5 17. Bxf6 Qxf6 18. Ne3 Bd7 19. a5 Bg7 20. Nc4 Bb5 21. Nxb5 axb5 22. Nb6 Rad8 23. Rb1 Qd4 24. Qf3 c4 25. d6 Qxd6 26. Qxb7 Nd3 27. Qc6 Qxc6 28. Bxc6 Re2 29. Bxb5 Bd4 30. Bxc4 Rd2 31. Bxd3 Rxd3 32. Nc4 Rc8 33. b3 Rc3 34. Rfc1 Rf3 35. Rc2 Rf5 36. Kg2 Rxa5 37. Rd2 Rd5 38. Rbd1 Rcd8 39. Ne3 R5d6 40. Nc2 Bc5 41. Rxd6 Bxd6 42. Ne3 Bc7 43. Rxd8+ Bxd8 44. b4 f5 45. Kf3 Kf7 46. Ke2 Ke6 47. Kd3 Ke5 48. b5 Bc7 49. f4+ Kd6 50. Kc4 Bb6 51. Nd5 Bg1 52. b6 Kc6 53. h3 Bh2 54. Ne7+ Kb7 55. Nxg6 Kxb6 56. Kd5 Bxg3 57. Ke5 Kc6 58. Kxf5 Kd6 59. Ne5 Be1 60. Ng4 Ke7 61. Nxh6 Kf8 62. Kg6 Bc3 63. f5 Bg7 64. f6 Bxh6 65. Kxh6 Kf7 66. Kg5 Kf8 67. Kg6 Kg8 68. f7+ Kf8 69. h4 Ke7 70. Kg7 1-0


[Site "https://www.chess.com"]

[Event "Titled Tuesday Blitz April 4 Early 2023"]
[White "Zaichenko, Daria"]
[Black "Hnydiuk, Aleksander"]
[WhiteFideId "4197453"]
[BlackFideId "1109057"]
[WhiteElo "2039"]
[BlackElo "2374"]
[Result "1-0"]
[Round "11"]
[TimeControl "180+2"]
[Date "2023.04.04"]
[WhiteClock "0:01:32"]
[BlackClock "0:02:26"]

1. e4 g6 2. d4 Bg7 3. f4 Nf6 4. Bd3 Nxe4 5. Bxe4 d5 6. Bf3 c5 7. dxc5 Qa5+ 8. Qd2 Qxc5 9. Qxd5 Qxc2 10. Qd2 Qc7 11. Nc3 Nc6 12. Nd5 Qd6 13. Ne2 O-O 14. O-O Bf5 15. Ndc3 Rfd8 16. Qxd6 Rxd6 17. Be3 Rd3 18. Bc5 Rc8 19. Bxc6 Rxc6 20. Bxe7 b5 21. Rad1 Rc4 22. Rxd3 Bxd3 23. Rd1 Bxc3 24. Nxc3 Bf5 25. Bf6 1-0


[Site "https://www.chess.com"]

[Event "Titled Tuesday Blitz April 4 Early 2023"]
[White "Nugumanov, Bakhtiyar"]
[Black "Deuer, Marius"]
[WhiteFideId "13701797"]
[BlackFideId "16236432"]
[WhiteElo "2209"]
[BlackElo "2163"]
[Result "0-1"]
[Round "11"]
[TimeControl "180+2"]
[Date "2023.04.04"]
[WhiteClock "0:00:06"]
[BlackClock "0:00:09"]

1. Nf3 d5 2. g3 Nc6 3. d4 Nf6 4. Bg2 Bf5 5. O-O e6 6. c4 Be7 7. Nc3 Kf8 8. cxd5 exd5 9. Qb3 Rb8 10. Bf4 g6 11. Nb5 Ne8 12. Rac1 Nd6 13. Qxd5 Be6 14. Qc5 Nc4 15. Bxc7 Qd7 16. Ne5 N4xe5 17. Qc3 Rc8 18. dxe5 Rxc7 19. Nxc7 Qxc7 20. b4 a6 21. a4 Qb6 22. Bxc6 bxc6 23. Qxc6 Qxb4 24. Qxa6 Kg7 25. a5 Qg4 26. Rc3 Bd5 27. Qb5 Qe4 28. f3 Qd4+ 29. Kg2 Qxc3 30. Qxd5 Qe3 31. Rd1 Rd8 32. Qxd8 Bxd8 33. Rxd8 Qxe2+ 34. Kh3 Qxf3 35. a6 Qf5+ 36. g4 Qf3+ 37. Kh4 Qg2 38. Rd3 Qxh2+ 39. Rh3 Qxe5 40. a7 Qe7+ 41. Kg3 Qxa7 42. Kh4 Qd4 43. Rg3 Qf4 44. Rg2 g5+ 45. Kh3 h5 46. Rg3 Kh6 47. gxh5 Kxh5 48. Kh2 f5 49. Kh3 g4+ 50. Rxg4 fxg4+ 51. Kg2 Kh4 52. Kg1 Qd2 53. Kh1 Qe2 54. Kg1 Kg3 55. Kh1 Qg2# 0-1


[Site "https://www.chess.com"]

[Event "Titled Tuesday Blitz April 4 Early 2023"]
[White "Simonovic, Miroslav"]
[Black "Klepikov, Nikita"]
[WhiteFideId "919152"]
[BlackFideId "24145220"]
[WhiteElo "2042"]
[BlackElo "2025"]
[Result "1-0"]
[Round "11"]
[TimeControl "180+2"]
[Date "2023.04.04"]
[WhiteClock "0:01:17"]
[BlackClock "0:00:01"]

1. d4 Nf6 2. Bg5 Ne4 3. Bf4 c5 4. d5 Qb6 5. Nd2 Nxd2 6. Bxd2 Qxb2 7. e4 g6 8. Bc4 Bg7 9. Rb1 Qd4 10. Qe2 Qe5 11. f4 Qc7 12. e5 O-O 13. Nf3 a6 14. a4 d6 15. O-O Bd7 16. a5 Ba4 17. Rb2 Nd7 18. Rfb1 Rab8 19. Ra2 Bb5 20. Bxb5 axb5 21. e6 Nf6 22. exf7+ Rxf7 23. Ng5 Rff8 24. Ne6 Qd7 25. Nxf8 Kxf8 26. Qxb5 Qxb5 27. Rxb5 Nxd5 28. a6 b6 29. a7 Ra8 30. c4 Nc7 31. Rxb6 Ke8 32. Rb8+ Kd7 33. Rxa8 Nxa8 34. Ra5 Kc7 35. Rb5 Bd4+ 36. Kf1 1-0


[Site "https://www.chess.com"]

[Event "Titled Tuesday Blitz April 4 Early 2023"]
[White "Ai, Evan"]
[Black "Clawitter, Craig"]
[WhiteFideId "2094770"]
[BlackFideId "2023105"]
[WhiteElo "1963"]
[BlackElo "2234"]
[Result "0-1"]
[Round "11"]
[TimeControl "180+2"]
[Date "2023.04.04"]
[WhiteClock "0:00:01"]
[BlackClock "0:00:06"]

1. e4 e6 2. d4 d5 3. Nd2 Be7 4. Ngf3 Nf6 5. e5 Nfd7 6. Bd3 c5 7. c3 Nc6 8. O-O a5 9. a4 cxd4 10. cxd4 Nb4 11. Bb5 O-O 12. Nb3 f6 13. exf6 Nxf6 14. Bf4 Bd7 15. Rc1 Bxb5 16. Bc7 Qe8 17. axb5 Qxb5 18. Ng5 Ra6 19. Nc5 Bxc5 20. Rxc5 Qd7 21. Bxa5 Nc6 22. Bd2 Nxd4 23. Bc3 Nf5 24. Nf3 Ne4 25. Ne5 Qd6 26. Rb5 Nxc3 27. bxc3 Qxe5 28. Rxb7 Rc6 29. Qg4 Rxc3 30. f4 Qd4+ 31. Kh1 Ne3 32. Qxe6+ Kh8 33. Rg1 Qe4 34. Qd6 Rg8 35. Re7 Qd3 36. Qe5 d4 37. Rd7 Qe2 38. Rxd4 Rc1 39. Re4 Qxg2# 0-1


[Site "https://www.chess.com"]

[Event "Titled Tuesday Blitz April 4 Early 2023"]
[White "Acikel, Mert"]
[Black "Ovezdurdyyeva, Jemal"]
[WhiteFideId "12956465"]
[BlackFideId "14001888"]
[WhiteElo "2097"]
[BlackElo "2043"]
[Result "0-1"]
[Round "11"]
[TimeControl "180+2"]
[Date "2023.04.04"]
[WhiteClock "0:02:04"]
[BlackClock "0:01:01"]

1. e4 d6 2. d4 Nf6 3. Nc3 g6 4. Bf4 c6 5. Qd2 h5 6. h3 b5 7. Bd3 Bg7 8. Nf3 b4 9. Ne2 a5 10. c4 bxc3 11. bxc3 O-O 12. Bh6 Nbd7 13. Bxg7 Kxg7 14. e5 dxe5 15. dxe5 Nd5 16. g4 Nc5 17. Bc2 Rh8 18. Rd1 hxg4 19. Nfd4 Bb7 20. e6 Nf6 21. Qg5 Rh5 22. Qe3 Qc7 23. Nf4 Re5 0-1


[Site "https://www.chess.com"]

[Event "Titled Tuesday Blitz April 4 Early 2023"]
[White "dDobravcan"]
[Black "morozcoma"]
[WhiteElo "2156"]
[BlackElo "2285"]
[Result "0-1"]
[Round "11"]
[TimeControl "180+2"]
[Date "2023.04.04"]
[WhiteClock "0:00:03"]
[BlackClock "0:00:26"]

1. e4 e5 2. Nf3 Nc6 3. Bb5 a6 4. Bxc6 dxc6 5. O-O Bd6 6. d4 exd4 7. Qxd4 f6 8. Be3 Ne7 9. Nbd2 O-O 10. e5 fxe5 11. Nxe5 Be6 12. Ndc4 Nf5 13. Qc3 Qh4 14. Nxd6 cxd6 15. Nf3 Qh5 16. Rfe1 Bd5 17. Nd2 Qg6 18. f3 Nh4 19. Re2 Rae8 20. Rae1 Bxf3 21. Nxf3 Nxf3+ 22. Kh1 Nxe1 23. Qxe1 Re4 24. Bd2 Rfe8 25. Rxe4 Rxe4 26. Qf1 Qf7 27. Bc3 Qxf1# 0-1


[Site "https://www.chess.com"]

[Event "Titled Tuesday Blitz April 4 Early 2023"]
[White "Levitan, Caleb Levi"]
[Black "KorolDimitriy75"]
[WhiteFideId "14332620"]
[WhiteElo "1963"]
[BlackElo "2409"]
[Result "0-1"]
[Round "11"]
[TimeControl "180+2"]
[Date "2023.04.04"]
[WhiteClock "0:00:03"]
[BlackClock "0:00:30"]

1. e4 c5 2. Nf3 d6 3. d4 cxd4 4. Nxd4 Nf6 5. Nc3 g6 6. f4 Nbd7 7. Bc4 Bg7 8. O-O O-O 9. Kh1 a6 10. a4 Qc7 11. Ba2 b6 12. f5 Bb7 13. fxg6 hxg6 14. Bg5 Qc5 15. Bxf6 Nxf6 16. Qd3 Nxe4 17. Nxe4 Qxd4 18. Ng5 Qxd3 19. cxd3 e6 20. Rac1 Bh6 21. h4 Bxg5 22. hxg5 Rac8 23. Kg1 Rc5 24. Rxc5 dxc5 25. Kf2 Rd8 26. Bc4 Rd4 27. Kg3 Bc6 28. Ra1 b5 29. axb5 axb5 30. Ra6 bxc4 31. Rxc6 cxd3 32. Rc8+ Kg7 33. Ra8 d2 34. Ra1 d1=Q 35. Rc1 Qxc1 0-1


[Site "https://www.chess.com"]

[Event "Titled Tuesday Blitz April 4 Early 2023"]
[White "Necula, Iulian"]
[Black "Zampronha, Wladimir Camilo"]
[WhiteFideId "1232380"]
[BlackFideId "2103087"]
[WhiteElo "1790"]
[BlackElo "2176"]
[Result "0-1"]
[Round "11"]
[TimeControl "180+2"]
[Date "2023.04.04"]
[WhiteClock "0:00:09"]
[BlackClock "0:00:15"]

1. d4 Nf6 2. Nc3 d5 3. Bf4 a6 4. e3 e6 5. Nf3 c5 6. Ne5 Nc6 7. Nxc6 bxc6 8. Be2 Qb6 9. Na4 Qa5+ 10. c3 c4 11. O-O Be7 12. b4 Qd8 13. Nc5 O-O 14. a4 Nd7 15. f3 Bf6 16. e4 Re8 17. e5 Be7 18. g4 Bf8 19. Bg3 f6 20. f4 Nxc5 21. bxc5 Rb8 22. Qd2 Bd7 23. Rab1 Qa5 24. Qc2 fxe5 25. fxe5 Be7 26. h4 Rec8 27. g5 Be8 28. Bg4 Bd7 29. Rxb8 Rxb8 30. g6 h6 31. Rb1 Rxb1+ 32. Qxb1 Qc7 33. Qb6 Qc8 34. a5 Bd8 35. Qb4 Qc7 36. Qb6 Qc8 37. Qb4 Bc7 38. Bd1 Qd8 39. Ba4 Bxa5 40. Qb7 Bxc3 41. Bxc6 Bxd4+ 42. Kg2 Bxc6 43. Qxc6 c3 44. Qxe6+ Kh8 45. c6 Bb6 46. Bf4 Bc7 47. Qf7 c2 48. Bxh6 Qg8 49. Qxc7 gxh6 50. g7+ Qxg7+ 51. Kh3 Qxc7 0-1


[Site "https://www.chess.com"]

[Event "Titled Tuesday Blitz April 4 Early 2023"]
[White "De Souza, Cristiano Gomes"]
[Black "Kornyukov, Alexey"]
[WhiteFideId "2151758"]
[BlackFideId "4150457"]
[WhiteElo "2068"]
[BlackElo "2352"]
[Result "0-1"]
[Round "11"]
[TimeControl "180+2"]
[Date "2023.04.04"]
[WhiteClock "0:01:59"]
[BlackClock "0:01:41"]

1. d4 d5 2. c4 e6 3. Nc3 Be7 4. Nf3 Nf6 5. Bg5 O-O 6. e3 h6 7. Bh4 Ne4 8. Bxe7 Qxe7 9. cxd5 Nxc3 10. bxc3 exd5 11. Qb3 c6 12. Ne5 Nd7 13. Nxd7 Bxd7 14. c4 c5 15. dxc5 Qxc5 16. cxd5 Qa5+ 17. Ke2 Bb5+ 18. Kf3 Ba4 19. Qd3 Rad8 20. e4 f5 21. exf5 Rxd5 22. Qe3 Rdxf5+ 23. Kg3 Rg5+ 24. Kh3 Qf5+ 0-1


[Site "https://www.chess.com"]

[Event "Titled Tuesday Blitz April 4 Early 2023"]
[White "Reefat, Bin-Sattar"]
[Black "Ciuffoletti, Paolo"]
[WhiteFideId "10200207"]
[BlackFideId "807630"]
[WhiteElo "2462"]
[BlackElo "2143"]
[Result "1-0"]
[Round "11"]
[TimeControl "180+2"]
[Date "2023.04.04"]
[WhiteClock "0:01:05"]
[BlackClock "0:00:14"]

1. e4 c5 2. b3 d6 3. Bb2 Nf6 4. Bb5+ Nbd7 5. Qe2 g6 6. f4 Bg7 7. Nf3 O-O 8. Ng1 a6 9. Bxd7 Bxd7 10. Nf3 Bc6 11. d3 Re8 12. O-O d5 13. Nbd2 dxe4 14. dxe4 Nxe4 15. Nxe4 Bxb2 16. Rad1 Qa5 17. c4 Bg7 18. f5 Rad8 19. fxg6 hxg6 20. Rxd8 Qxd8 21. h4 Bxe4 22. Qxe4 Qc7 23. h5 Qc6 24. Qh4 gxh5 25. Qxh5 Qg6 26. Qxc5 e5 27. Qd5 e4 28. Ng5 Re5 29. Qd8+ Bf8 30. Nxf7 Qxf7 31. Rxf7 Kxf7 32. Qc7+ Re7 33. Qf4+ Ke8 34. Kf1 e3 35. Ke2 Bg7 36. Qb8+ Kf7 37. Qc8 Bf6 38. g4 Bg5 39. Qf5+ 1-0


[Site "https://www.chess.com"]

[Event "Titled Tuesday Blitz April 4 Early 2023"]
[White "Brahami, Lamine"]
[Black "Larina, Maria"]
[WhiteFideId "7905637"]
[BlackFideId "24113182"]
[WhiteElo "2088"]
[BlackElo "1848"]
[Result "1-0"]
[Round "11"]
[TimeControl "180+2"]
[Date "2023.04.04"]
[WhiteClock "0:00:22"]
[BlackClock "0:00:32"]

1. d4 f5 2. Nf3 Nf6 3. g3 g6 4. Bg2 Bg7 5. O-O O-O 6. c4 d6 7. Nc3 Nc6 8. d5 Na5 9. Nd2 c5 10. Qc2 e5 11. dxe6 Bxe6 12. b3 d5 13. cxd5 Nxd5 14. Bb2 Nb4 15. Qc1 Rc8 16. Rd1 Qe7 17. a3 Nbc6 18. Nd5 Qf7 19. Bxg7 Qxg7 20. Qxc5 b6 21. Qd6 Rfe8 22. Nf4 Bxb3 23. Nxb3 Nxb3 24. Bd5+ Kh8 25. Bxb3 Na5 26. Ba4 Re4 27. Ne6 Qb2 28. Qd8+ Rxd8 29. Rxd8# 1-0


[Site "https://www.chess.com"]

[Event "Titled Tuesday Blitz April 4 Early 2023"]
[White "Svicevic, Rastko"]
[Black "Thiel, Thomas"]
[WhiteFideId "916315"]
[BlackFideId "4615964"]
[WhiteElo "2071"]
[BlackElo "2209"]
[Result "1-0"]
[Round "11"]
[TimeControl "180+2"]
[Date "2023.04.04"]
[WhiteClock "0:00:16"]
[BlackClock "0:00:28"]

1. d4 Nf6 2. Bg5 Ne4 3. Bf4 c5 4. e3 Qa5+ 5. c3 cxd4 6. exd4 g6 7. Bd3 d5 8. Nf3 Bg7 9. O-O O-O 10. Nbd2 Nxd2 11. Qxd2 Nc6 12. Bh6 Bg4 13. Bxg7 Kxg7 14. Qf4 Bxf3 15. Qxf3 e6 16. h4 h5 17. Rfe1 b5 18. b4 Qc7 19. Bxb5 a5 20. a3 Qb6 21. Qd3 Ne7 22. Reb1 axb4 23. cxb4 Nf5 24. a4 Qxd4 25. a5 Rfb8 26. a6 Rb6 27. Ra5 Rab8 28. a7 Ra8 29. Qc2 Qe5 30. Bc6 Nd4 31. Bxa8 Nxc2 32. Bxd5 Rb8 33. Bxe6 Qxe6 34. axb8=Q 1-0


[Site "https://www.chess.com"]